 Dungeon Crawl Stone Soup version 0.30-a0-847-g17996783a1 (webtiles) character file.

Game seed: 1213657809519754978

1295 oldmanjim the Shooter (level 8, -3/67 HPs)
             Began as a Formicid Hunter on Mar 4, 2023.
             Was an Initiate of Okawaru.
             Slain by an orc warrior
             ... wielding a +0 halberd
              (9 damage)
             ... on level 7 of the Dungeon.
             The game lasted 00:22:28 (5673 turns).

oldmanjim the Shooter (Formicid Hunter)             Turns: 5673, Time: 00:22:29

Health: -3/67      AC:  6    Str: 17    XL:     8   Next: 86%
Magic:  8/8        EV: 12    Int: 12    God:    Okawaru [......]
Gold:   336        SH:  6    Dex: 22    Spells: 7/7 levels left

rFire   + . .      SeeInvis +    b - +1 falchion of Ascent {heavy, rElec Int+4 Dex+3}
rCold   . . .      Faith    .    w - +0 buckler
rNeg    . . .      Spirit   .    f - +2 leather armour {rF+}
rPois   .          Reflect  .    (helmet unavailable)
rElec   +          Rampage  .    y - +0 cloak
rCorr   .                        (no gloves)
Will    .....                    (no boots)
Stlth   ++                       (no amulet)
HPRegen 0.31/turn                (no ring)
MPRegen 0.11/turn                (no ring)

@: no status effects
A: permanent stasis, dig shafts and tunnels, antennae 3, four strong arms
a: Dig, Shaft Self, Renounce Religion


You were on level 7 of the Dungeon.
You worshipped Okawaru.
Okawaru was noncommittal.
You visited 2 branches of the dungeon, and saw 8 of its levels.

You collected 336 gold pieces.

Inventory:

Hand Weapons
 a - a +0 shortbow of flaming
 b - the +1 falchion of Ascent (weapon) {heavy, rElec Int+4 Dex+3}
   (You found it on level 6 of the Dungeon)

   Int:       It affects your intelligence (+4).
   Dex:       It affects your dexterity (+3).
   rElec:     It insulates you from electricity.
Missiles
 g - 57 stones
 m - 4 boomerangs
 E - 6 poisoned darts
Armour
 f - a +2 leather armour of fire resistance (worn)
 p - a +1 ring mail
 w - a +0 buckler (worn)
 y - a +0 cloak (worn)
Wands
 c - a wand of roots (6)
 z - a wand of paralysis (3)
Scrolls
 i - a scroll of poison
 j - a scroll of magic mapping
 k - 3 scrolls of immolation
 l - 2 scrolls of fog
 n - 2 scrolls of fear {unknown}
 q - 3 scrolls of enchant armour
 u - 3 scrolls of teleportation
 C - a scroll of summoning {unknown}
Potions
 d - 3 potions of curing
 e - a potion of haste {unknown}
 h - 2 potions of lignification
 o - a potion of cancellation
 r - a potion of mutation
 s - 2 potions of berserk rage
 t - a potion of might
 v - a potion of heal wounds {unknown}
 x - 2 potions of attraction
 B - a potion of invisibility {unknown}
Miscellaneous
 D - a piece from Xom's chessboard (15/15)


   Skills:
 + Level 7.5 Fighting
 + Level 7.6 Ranged Weapons
 - Level 1.7 Dodging
 - Level 1.2 Stealth
 - Level 5.0 Shields
 + Level 0.7 Invocations


You had 7 spell levels left.
You didn't know any spells.
Your spell library contained the following spells:

 Spells                   Type           Power      Damage    Failure   Level
 Lesser Beckoning         Tloc           0%         N/A       58%         2
 Momentum Strike          Conj/Tloc      0%         3d8       58%         2
 Dazzling Flash           Conj/Hex       0%         N/A       82%         3
 Ignite Poison            Fire/Tmut/Pois 0%         N/A       82%         3
 Iskenderun's Mystic Bla  Conj/Tloc      0%         2d3       99%         4
 Sticky Flame             Conj/Fire      0%         2d3       99%         4
 Starburst                Conj/Fire      0%         6d3       100%        6
 Ignition                 Fire           0%         3d3       100%        8
 Blink                    Tloc           Unusable   N/A       N/A         2

Dungeon Overview and Level Annotations

Branches:
Dungeon (7/15)             Temple (1/1) D:6

Altars:
Dithmenos
Elyvilon
Gozag
Hepliaklqana
Kikubaaqudgha
Nemelex Xobeh
Okawaru
Ru
Sif Muna
Wu Jian
Xom
Yredelemnul
Zin
The Shining One

Shops:
D:4 (*   D:6 *


Innate Abilities, Weirdness & Mutations

You cannot be hasted, slowed, berserked, paralysed or teleported.
You can dig through walls and to a lower floor.
You have a pair of large antennae on your head. (SInv)
Your four strong arms can wield two-handed weapons with a shield.


Message History

The orc wizard hits you but does no damage. x2
You shoot an arrow. The arrow hits the orc wizard.
The arrow burns the orc wizard.
You kill the orc wizard!
Okawaru accepts your kill. The orc wizard barely misses you.
You block the orc warrior's attack.
You shoot an arrow. The arrow hits the orc wizard.
The arrow burns the orc wizard.
The orc wizard is lightly wounded.
You block the orc wizard's attack.
The orc warrior hits you from afar with a +0 halberd!
You shoot an arrow. The arrow hits the orc wizard!
The arrow burns the orc wizard.
The orc wizard is severely wounded.
The orc wizard closely misses you. The orc warrior closely misses you.
The orc warrior hits you from afar with a +0 halberd!
The orc wizard hits you but does no damage.
You shoot an arrow. The arrow hits the orc wizard!
The arrow burns the orc wizard.
You kill the orc wizard!
Okawaru accepts your kill.
The orc warrior hits you from afar with a +0 halberd!
Your +0 shortbow of flaming stops flaming.
You feel clever.
You feel agile.
b - the +1 falchion of Ascent (weapon)
{heavy, rElec Int+4 Dex+3} The orc warrior hits you with a +0 halberd!
There is an open door, spattered with blood here.
Things that are here:
a +0 dagger; a +0 robe You slash the orc warrior!
The orc warrior is severely wounded.
The orc warrior hits you with a +0 halberd.
* * * LOW HITPOINT WARNING * * *
The orc warrior barely misses you.
You closely miss the orc warrior.
The orc warrior is severely wounded.
The orc warrior hits you with a +0 halberd!
* * * LOW HITPOINT WARNING * * *
The orc warrior hits you with a +0 halberd!
You die...

,,,*,,,,**,,,,**,,,,,***,,**,,,*
,,,*,,,,**,,,,##.....###********
,,,*,,,,*,,,,,#........#
,,*****+**,,,,+........#
,,**,,,,**,,,,#........#
^,,,,,,,*,,,,,#.).....,*
,,,,,,,,*,,,,,*.....,,,*
,,,,,,,,**,,,**#.o#*,,**
,,,,,,,,*****###@###***
,,,,,,,,,* #.)<..# ,,,,,,,,,*
#.....# ,,,,,,,,,* #.....#
,,,,,,,,,* #.....# *,,*,,,,**
#.....# ********* ##...## ,*
##### ,*


You could see an orc warrior.

Vanquished Creatures
  Pikel (D:5)
  A black bear (D:6)
  A lemure (D:5)
  A bullfrog (D:6)
  2 scorpions
  A howler monkey (D:6)
  A hound (D:6)
  A jelly (D:6)
  An orc priest (D:6)
  Ijyb (D:4)
  An iguana (D:6)
  4 orc wizards
  7 gnolls
  9 adders
  A white imp (D:5)
  3 ufetubi
  A worm (D:4)
  3 dart slugs
  18 orcs
  6 ball pythons
  9 endoplasms
  7 giant cockroaches
  6 goblins
  9 hobgoblins
  7 jackals (D:2)
  4 quokkas
  5 bats
  3 frilled lizards
  4 kobolds
  8 rats
  A spectral orc (D:4)
127 creatures vanquished.

Vanquished Creatures (others)
  A plant (D:3)
1 creature vanquished.

Grand Total: 128 creatures vanquished

Notes
Turn   | Place    | Note
-------+----------+-------------------------------------------
     0 | D:1      | oldmanjim the Formicid Hunter began the quest for the Orb.
     0 | D:1      | Reached XP level 1. HP: 16/16 MP: 1/1
   208 | D:1      | Reached XP level 2. HP: 23/23 MP: 2/2
   407 | D:1      | Reached XP level 3. HP: 27/28 MP: 3/3
   851 | D:2      | Reached XP level 4. HP: 23/35 MP: 4/4
  1211 | D:2      | Reached skill level 5 in Ranged Weapons
  1232 | D:2      | Reached XP level 5. HP: 42/42 MP: 5/5
  1918 | D:3      | Reached skill level 1 in Shields
  2688 | D:4      | Found a basalt altar of Yredelemnul.
  2713 | D:4      | Found Nasimni's Needful Niceties.
  2733 | D:4      | Found a shimmering altar of Xom.
  2746 | D:4      | Reached XP level 6. HP: 42/49 MP: 6/6
  2756 | D:4      | Found Lycs's Weapon Boutique.
  3220 | D:4      | Noticed Ijyb
  3231 | D:4      | Killed Ijyb
  3361 | D:5      | Entered Level 5 of the Dungeon
  3374 | D:5      | Found a shimmering blue altar of Sif Muna.
  3688 | D:5      | Reached skill level 5 in Fighting
  3688 | D:5      | Reached XP level 7. HP: 20/56 MP: 7/7
  3839 | D:5      | Found a white marble altar of Elyvilon.
  3864 | D:5      | Noticed Pikel
  3904 | D:5      | Killed Pikel
  3905 | D:5      | Reached skill level 5 in Shields
  3905 | D:5      | Reached XP level 8. HP: 9/65 MP: 8/8
  4358 | D:6      | Found Zin's Purification Station.
  4358 | D:6      | Found a glowing silver altar of Zin.
  4999 | D:6      | Found a staircase to the Ecumenical Temple.
  5008 | Temple   | Entered the Ecumenical Temple
  5174 | Temple   | Became a worshipper of Warmaster Okawaru
  5322 | D:6      | Identified the +1 falchion of Ascent {heavy, rElec Int+4
                  | Dex+3}
  5381 | D:6      | Found a sacrificial altar of Ru.
  5673 | D:7      | Slain by an orc warrior

Illustrated notes

Levels and vault maps discovered:
D:1:      dpeg_cavernosity, layout_basic
D:2:      layout_basic
D:3:      layout_basic, corexii_shack
D:4:      layout_loops_ring, overflow_temple_1_default,
          yredelemnul_forgotten_temple_becter, serial_shops, nicolae_shop_stone,
          nicolae_alphabet_shops, uniq_ijyb
D:5:      layout_loops_ring, nicolae_sif_muna_condensation, elyvilon_altar_5,
          eino_small_chamber_without_monster, hellmonk_bongcloud_opening,
          kennysheep_generic_room_14, uniq_pikel
D:6:      layout_loops_corners, zin_purify, kennysheep_little_box,
          minmay_temple_entry_overgrown
D:7:      layout_gridville, mainiacjoe_overflow_boulevard,
          nicolae_ossuary_entry_plus, uniq_duvessa, uniq_maggie
Temple:   nicolae_temple_bog_church

Skill      XL: |  1  2  3  4  5  6  7  8 |
---------------+-------------------------+-----
Fighting       | 3 4 5 6 7 |  7.5
Ranged Weapons | 5 6 7 |  7.6
Shields        | 1 3 5 |  5.0
Dodging        | |  1.7
Stealth        | |  1.2
Invocations    | |  0.7

Action                     |  1- 3 |  4- 6 |  7- 9 || total
---------------------------+-------+-------+-------++-------
  Melee: Whip              |       |       |     2 ||     2
         Falchion          |       |       |     2 ||     2
   Fire: Shortbow          |    91 |   183 |   108 ||   382
  Evoke: Wand              |       |       |     1 ||     1
    Use: Scroll            |       |    15 |     2 ||    17
   Stab: Paralysed         |       |       |     2 ||     2
 Armour: Leather armour    |    19 |       |     5 ||    24
         Ring mail         |    11 |    25 |    18 ||    54
  Dodge: Dodged            |    36 |    35 |    37 ||   108
  Block: Buckler           |       |    13 |    22 ||    35

Table legend: (Time is in decaauts)
 A = Elapsed time spent in this place.
 B = Non-inter-level travel time spent in this place.
 C = Inter-level travel time spent in this place.
 D = Time resting spent in this place.
 E = Time spent auto-exploring this place.
 F = Levels seen in this place.
 G = Mean time per level.
                   A        B        C        D        E       F      G
               +--------+--------+--------+--------+--------+-----+--------+
         Total |   5810 |   5294 |    516 |    374 |   3907 |   8 |  726.2 |
       Dungeon |   5606 |   5133 |    473 |    374 |   3756 |   7 |  800.9 |
        Temple |    203 |    160 |     43 |      0 |    151 |   1 |  203.0 |
               +--------+--------+--------+--------+--------+-----+--------+

Top non-repeatable levels by time:
     D:6: 1119 daAuts
     D:3: 961 daAuts
     D:2: 939 daAuts
     D:4: 894 daAuts
     D:5: 870 daAuts
     D:1: 798 daAuts
  Temple: 203 daAuts
     D:7: 23 daAuts
